 Dungeon Crawl Stone Soup version 0.30-a0-782-ge64f9170bb (webtiles) character file.

Game seed: 6604694264770170896

98 domi the Conjurer (level 4, 0/30 HPs)
             Began as a Demonspawn Conjurer on Feb 18, 2023.
             Slain by Grinder (7 damage)
             ... on level 3 of the Dungeon.
             The game lasted 00:02:48 (2700 turns).

domi the Conjurer (Demonspawn Conjurer)             Turns: 2700, Time: 00:02:49

Health: 0/30       AC:  3    Str:  8    XL:     4   Next: 43%
Magic:  7/9        EV: 12    Int: 21    God:
Gold:   155        SH:  0    Dex: 11    Spells: 3/10 levels left

rFire   . . .      SeeInvis .    n - +0 sling
rCold   . . .      Faith    .    (no shield)
rNeg    . . .      Spirit   .    a - +0 robe
rPois   .          Reflect  .    (no helmet)
rElec   .          Harm     .    (no cloak)
rCorr   .          Rampage  .    (no gloves)
Will    .....                    (no boots)
Stlth   ++                       (no amulet)
HPRegen 0.25/turn                (no ring)
MPRegen 0.11/turn                (no ring)

@: no status effects
A: hooves 1, rugged brown scales 1, ignite blood 1
a: no special abilities


You were on level 3 of the Dungeon.
You visited 1 branch of the dungeon, and saw 3 of its levels.

You collected 155 gold pieces.

Inventory:

Hand Weapons
 e - a +0 club
   (You took it off a goblin on level 1 of the Dungeon)
 n - a +0 sling (weapon)
   (You found it on level 2 of the Dungeon)
 r - a +0 whip of draining
   (You took it off a kobold on level 2 of the Dungeon)
Missiles
 o - 13 stones
Armour
 a - a +0 robe (worn)
 m - a +0 helmet
   (You found it on level 2 of the Dungeon)
Magical Staves
 s - a staff of air {rElec}
   (You found it on level 2 of the Dungeon)
Jewellery
 u - a ring of protection from fire {rF+}
   (You found it on level 3 of the Dungeon)
Scrolls
 c - 3 scrolls of noise {unknown}
 h - a scroll of fog {unknown}
 i - 3 scrolls of identify {unknown}
 k - a scroll of enchant weapon {unknown}
 l - a scroll of teleportation {unknown}
 q - a scroll of poison {unknown}
 t - a scroll of vulnerability {unknown}
Potions
 d - 2 potions of resistance {unknown}
 f - a potion of berserk rage {unknown}
 g - a potion of attraction {unknown}
 j - a potion of heal wounds {unknown}
 p - a potion of flight {unknown}
 v - 2 potions of cancellation {unknown}


   Skills:
 - Level 1.7 Dodging
 - Level 1.7 Stealth
 + Level 3.5 Spellcasting
 - Level 5.0 Conjurations


You had 3 spell levels left.
You knew the following spells:

 Your Spells              Type           Power      Damage    Failure   Level
c - Iskenderun's Mystic   Conj/Tloc      14%        2d5       41%         4
x - Searing Ray           Conj           48%        2d6       2%          2
z - Magic Dart            Conj           96%        1d7       1%          1

Your spell library contained the following spells:

 Spells                   Type           Power      Damage    Failure   Level
 Dazzling Flash           Conj/Hex       28%        N/A       14%         3
 Ignite Poison            Fire/Tmut/Pois 3%         N/A       36%         3
 Fulminant Prism          Conj/Hex       7%         3d6       41%         4
 Sticky Flame             Conj/Fire      14%        2d4       41%         4
 Starburst                Conj/Fire      7%         6d4       100%        6
 Ignition                 Fire           1%         3d3       100%        8


Dungeon Overview and Level Annotations

Branches:
Dungeon (3/15)

Altars:
Trog

Annotations:
D:3 Grinder


Innate Abilities, Weirdness & Mutations

You have large cloven feet.
You are partially covered in rugged brown scales. (AC +1, +3% HP)
Your demonic aura sometimes causes spilled blood to erupt in flames.


Message History

You have reached level 4!
You feel stronger.
Your demonic ancestry asserts itself...
Rugged brown scales grow over part of your body.
You start resting.
Memorise Searing Ray, consuming 2 spell levels and leaving 6?
You start memorising the spell.
You continue memorising. x2
You finish memorising.
Spell assigned to 'x'.
This spell is astonishingly dangerous to cast!
Memorise Iskenderun's Mystic Blast, consuming 4 spell levels and leaving 2?
You start memorising the spell.
You continue memorising. x4
You finish memorising.
Spell assigned to 'c'.
Okay, then.
Things that are here:
a +0 club; a +0 robe; the human corpse of Jessica You now have 146 gold pieces (gained 14).
Found a stone staircase leading down.
There is a stone staircase leading down here.
You see here 2 datura-tipped darts.
Found a stone staircase leading down.
A shadow imp comes into view.
A shadow imp is nearby!
Aim: a shadow imp (100% to hit)
The magic dart hits the shadow imp!
You can't see any susceptible monsters within range! (Use Z to cast anyway.)
You can't see any susceptible monsters within range! (Use Z to cast anyway.)
A shadow imp is nearby!
A shadow imp is nearby!
A shadow imp is nearby!
A shadow imp is nearby!
Aim: a shadow imp (severely wounded, 100% to hit)
The magic dart hits the shadow imp.
Aim: a shadow imp (almost dead, 100% to hit)
The magic dart hits the shadow imp.
You kill the shadow imp!
You can't see any susceptible monsters within range! (Use Z to cast anyway.)
A hobgoblin comes into view.
A hobgoblin is nearby!
A hobgoblin is nearby!
A hobgoblin is nearby!
Aim: a hobgoblin (asleep, 100% to hit)
The magic dart hits the hobgoblin.
The hobgoblin shouts!
Aim: a hobgoblin (moderately wounded, 100% to hit)
The magic dart hits the hobgoblin.
You kill the hobgoblin!
You can't see any susceptible monsters within range! (Use Z to cast anyway.)
You can't see any susceptible monsters within range! (Use Z to cast anyway.)
There is a stone staircase leading down here.
Found a stone staircase leading down.
There is a stone staircase leading down here.
You now have 155 gold pieces (gained 9).
There is a stone staircase leading down here.
u - a ring of protection from fire {rF+}
v - 2 sedimented blue potions You see here a +0 robe.
You see here a +0 robe.
Grinder comes into view.
Grinder shouts!
Okay, then.
Unknown command.
The searing ray hits Grinder. (Press . to maintain the ray.)
The searing ray hits Grinder.
Grinder closely misses you.
The searing ray hits Grinder!
Grinder barely misses you.
The searing ray hits Grinder.
You finish channelling your searing ray.
Grinder gestures at you. Pain shoots through your body!
The searing ray hits Grinder. (Press . to maintain the ray.) Grinder blinks!
The searing ray hits Grinder.
The searing ray hits Grinder!
Grinder gestures at you.
You suddenly lose the ability to move!
Grinder blinks!
You can move again.
You start resting.
Grinder is nearby!
Aim: Grinder (almost dead, 100% to hit)
The magic dart hits Grinder.
You shoot a sling bullet. The sling bullet barely misses Grinder.
Grinder hits you!
You shoot a sling bullet.
The sling bullet completely misses Grinder.
Grinder gestures at you. Pain shoots through your body!
Unknown command.
Fire: n) +0 sling
Aim: Grinder (almost dead, 45% to hit)
You shoot a sling bullet. The sling bullet hits Grinder.
Grinder barely misses you. Grinder gestures at you.
Pain shoots through your body!
* * * LOW HITPOINT WARNING * * *
Magic courses through your body. Grinder misses you.
The searing ray hits Grinder. (Press . to maintain the ray.) Grinder hits you!
You die...

#.####...###.##
######..
##.#####......#
#>.....#
..............#
#.######
########......# #.#
#.###..# #.# ##
###.###..# #.# .#
#.....#..# #.#
.#####.###.#..######
#.# .......#
#......@5(# #.#
.#####.###.#..####.#
#.# ...........#..#
ยง# #.#
######.##.##..# .#
#.# #............#
.# #.#
#.######.#.#.# .#
#(# #.# #.#.#.#
.#######.### #.#
#.#.#.##
...........# #.#
#.#....##
........#.#


You could see Grinder.

Vanquished Creatures
  Jessica (D:3)
  An adder (D:2)
  A shadow imp (D:3)
  A worm (D:2)
  4 endoplasms
  10 goblins
  6 hobgoblins
  A quokka (D:1)
  5 ball pythons
  7 bats
  4 frilled lizards
  8 kobolds
  4 rats
53 creatures vanquished.

Notes
Turn   | Place    | Note
-------+----------+-------------------------------------------
     0 | D:1      | domi the Demonspawn Conjurer began the quest for the Orb.
     0 | D:1      | Reached XP level 1. HP: 13/13 MP: 3/3
   283 | D:1      | Gained mutation: Your demonic aura sometimes causes spilled
                  | blood to erupt in flames. [demonic ancestry]
   283 | D:1      | Reached XP level 2. HP: 19/19 MP: 0/5
   678 | D:1      | Reached skill level 5 in Conjurations
   802 | D:1      | Gained mutation: You have large cloven feet. [demonic
                  | ancestry]
   802 | D:1      | Reached XP level 3. HP: 24/24 MP: 3/6
  1269 | D:2      | Found a bloodstained altar of Trog.
  2311 | D:3      | Noticed Jessica
  2317 | D:3      | Killed Jessica
  2318 | D:3      | Reached skill level 3 in Spellcasting
  2318 | D:3      | Gained mutation: You are partially covered in rugged brown
                  | scales. (AC +1, +3% HP) [demonic ancestry]
  2318 | D:3      | Reached XP level 4. HP: 24/30 MP: 1/9
  2388 | D:3      | Learned a level 2 spell: Searing Ray
  2393 | D:3      | Learned a level 4 spell: Iskenderun's Mystic Blast
  2678 | D:3      | Noticed Grinder
  2685 | D:3      | Paralysed by Grinder for 4 turns
  2698 | D:3      | HP: 7/30 [Grinder/nerve-wracking pain (7)]
  2700 | D:3      | Slain by Grinder

Illustrated notes

Levels and vault maps discovered:
D:1:      lightli_arrival_maybe_door_vault, layout_loops_ring,
          minmay_misc_feat_chi, minmay_heptomino_w4
D:2:      layout_basic, serial_corexii_hall, corexii_hall_statues_s,
          chequers_hall_statues_y, basic_altar
D:3:      layout_loops_ring, general_overflow_altar, uniq_ijyb, uniq_grinder,
          uniq_jessica

Skill      XL: |  1  2  3 |
---------------+----------+-----
Conjurations   | 5 |  5.0
Spellcasting   | 3 |  3.5
Dodging        | |  1.7
Stealth        | |  1.7

Action                     |  1- 3 |  4- 6 || total
---------------------------+-------+-------++-------
  Melee: Unarmed           |     8 |       ||     8
   Fire: Sling             |     3 |     3 ||     6
   Cast: Magic Dart        |    92 |     6 ||    98
         Searing Ray       |       |     3 ||     3
    Use: Potion            |       |     1 ||     1
 Armour: Robe              |     3 |       ||     3
  Dodge: Dodged            |     8 |     4 ||    12

Table legend: (Time is in decaauts)
 A = Elapsed time spent in this place.
 B = Non-inter-level travel time spent in this place.
 C = Inter-level travel time spent in this place.
 D = Time resting spent in this place.
 E = Time spent auto-exploring this place.
 F = Levels seen in this place.
 G = Mean time per level.
                   A        B        C        D        E       F      G
               +--------+--------+--------+--------+--------+-----+--------+
         Total |   2701 |   2666 |     35 |    123 |   2279 |   3 |  900.3 |
       Dungeon |   2701 |   2666 |     35 |    123 |   2279 |   3 |  900.3 |
               +--------+--------+--------+--------+--------+-----+--------+

Top non-repeatable levels by time:
     D:1: 1185 daAuts
     D:2: 853 daAuts
     D:3: 662 daAuts

Table legend:
 A = Kills in this place as a percentage of kills in entire the game.
 B = Kills by you in this place as a percentage of kills by you in the entire game.
 C = Kills by friends in this place as a percentage of kills by friends in the entire game.
 D = Other kills in this place as a percentage of other kills in the entire game.
 E = Experience gained in this place as a percentage of experience gained in the entire game.
 F = Experience gained in this place divided by the number of levels of this place that you have seen.
                   A       B       C       D       E      F
               +-------+-------+-------+-------+-------+----------------------
         Total | 100.0 | 100.0 |   N/A |   N/A | 100.0 |  46.7
       Dungeon | 100.0 | 100.0 |   N/A |   N/A | 100.0 |  46.7
               +-------+-------+-------+-------+-------+----------------------
